 Dungeon Crawl Stone Soup version 0.27.1-34-g3ba077fa99 (webtiles) character file.

Game seed: 15001600208042007640

242447 comborobin the Severer (level 20, -18/210 HPs)
             Began as a Hill Orc Delver on Jan 6, 2022.
             Was the Champion of Okawaru.
             Killed from afar by a deep elf annihilator (66 damage)
             ... with a bolt of lightning
             ... on level 3 of the Elven Halls.
             The game lasted 00:54:23 (44351 turns).

comborobin the Severer (Hill Orc Delver)           Turns: 44351, Time: 00:54:23

Health: -18/210    AC: 32    Str: 29    XL:     20   Next: 21%
Magic:  39/42      EV: 17    Int: 19    God:    Okawaru [******]
Gold:   947        SH: 35    Dex: 16    Spells: 19/19 levels left

rFire    + + .     SeeInvis .   b - +8 broad axe of Instinct {flame, Int+10}
rCold    + + .     Faith    +   F - +10 tower shield of Ignorance {rN+ Int-4}
rNeg     + . .     Spirit   .   C - +2 fire dragon scales
rPois    .         Reflect  .   i - +2 hat {Will+}
rElec    .         Harm     +   g - +1 cloak {Will+}
rCorr    .         Rampage  .   f - +2 pair of gloves {Str+3}
Will     +++..                  o - +0 pair of boots
Stlth    +++.......             Z - amulet "Liwoacex" {Faith Harm rC+++ MP+9 Int+3 Dex+4}
HPRegen  0.45/turn              M - ring of the Tortoise {AC+8}
MPRegen  0.28/turn              d - +4 ring of slaying

@: about to teleport, heroic, finesse-ful, studying 2 skills
A: antennae 1, talons 1, robust 1, strong 1, sturdy frame 1
a: Renounce Religion, Heroism, Finesse


You were on level 3 of the Elven Halls.
You worshipped Okawaru.
Okawaru was exalted by your worship.
You visited 6 branches of the dungeon, and saw 30 of its levels.
You visited 1 bazaar.
You also visited: Gauntlet.

You collected 4682 gold pieces.
You spent 3735 gold pieces at shops.

Inventory:

Hand Weapons
 a - the +7 demon whip of Past Mistakes {vamp, Int+4}
   (You acquired it on level 10 of the Dungeon)

   It occasionally heals its wielder for a portion of the damage dealt when it
   wounds a living foe.
   Int:       It affects your intelligence (+4).
 b - the +8 broad axe of Instinct (weapon) {flame, Int+10}
   (Okawaru gifted it to you on level 2 of the Depths)

   It burns those it strikes, dealing additional fire damage.
   Big, fiery blades are also staple armaments of hydra-hunters.
   Int:       It affects your intelligence (+10).
 D - a +5 great mace of holy wrath
Missiles
 v - 9 atropa-tipped darts
 E - 3 throwing nets (quivered)
Armour
 f - a +2 pair of gloves of strength (worn)
 g - a +1 cloak of willpower (worn)
 i - a +2 hat of willpower (worn)
 j - a scarf of repulsion
 o - a +0 pair of boots (worn)
 C - +2 fire dragon scales (worn)
 F - the +10 tower shield of Ignorance (worn) {rN+ Int-4}
   (Okawaru gifted it to you on level 3 of the Depths)

   Int:       It affects your intelligence (-4).
   rN:        It protects you from negative energy.
 H - the +1 kite shield of Gehenna {SInv}
   (You found it on level 10 of the Dungeon)

   SInv:      It lets you see invisible.
 I - a +4 plate armour of cold resistance
 K - +0 ice dragon scales
 O - a +0 troll leather armour
 S - a +0 tower shield
Jewellery
 d - a +4 ring of slaying (right hand)
 s - an amulet of regeneration
 w - a ring of see invisible
 M - the ring of the Tortoise (left hand) {AC+8}
   (You found it in a Gauntlet)

   [ring of protection]

   AC:        It affects your AC (+8).
 U - a ring of poison resistance
 Z - the amulet "Liwoacex" (around neck) {Faith Harm rC+++ MP+9 Int+3 Dex+4}
   (You bought it in a shop in a bazaar)

   [amulet of faith]

   It allows you to gain divine favour quickly.
   Int:       It affects your intelligence (+3).
   Dex:       It affects your dexterity (+4).
   rC:        It renders you almost immune to cold.
   MP:        It affects your magic capacity (+9).
   Harm:      It increases damage dealt and taken.
Wands
 n - a wand of acid (5)
 t - a wand of iceblast (37)
 y - a wand of charming (9)
 J - a wand of mindburst (9)
 R - a wand of paralysis (12)
 W - a wand of polymorph (22)
Scrolls
 c - 5 scrolls of fog
 k - 16 scrolls of identify
 l - 5 scrolls of amnesia
 x - a scroll of brand weapon
 L - 2 scrolls of fear
 N - 16 scrolls of teleportation
 X - 4 scrolls of magic mapping
Potions
 h - 4 potions of magic
 m - 2 potions of haste
 p - a potion of lignification
 r - 6 potions of attraction
 u - a potion of resistance
 z - 3 potions of brilliance
 A - 4 potions of cancellation
 B - 6 potions of ambrosia
 G - 3 potions of curing
 P - 6 potions of mutation
 Q - 3 potions of flight
 T - 3 potions of might
 Y - a potion of invisibility
Miscellaneous
 e - a phantom mirror
 q - a condenser vane
 V - a lightning rod (4/4)


   Skills:
 + Level 19.3(24.3) Fighting
 - Level 20.3(27) Axes
 - Level 13.7(22.3) Maces & Flails
 - Level 8.3(13.3) Armour
 - Level 7.7(12.7) Dodging
 - Level 4.1(9.1) Stealth
 * Level 16.9(21.9) Shields
 - Level 18.0 Invocations
 - Level 12.5 Evocations


You had 19 spell levels left.
You didn't know any spells.
Your spell library contained the following spells:

 Spells                   Type           Power      Damage    Failure   Level
 Animate Skeleton         Necr           0%         N/A       43%         1
 Apportation              Tloc           0%         N/A       43%         1
 Corona                   Hex            0%         N/A       43%         1
 Pain                     Necr           0%         1d4       43%         1
 Sandblast                Erth           0%         2d4       43%         1
 Sting                    Tmut/Pois      0%         1d3       43%         1
 Summon Small Mammal      Summ           0%         N/A       43%         1
 Corpse Rot               Necr/Air       N/A        N/A       58%         2
 Passwall                 Tmut/Erth      0%         N/A       58%         2
 Poisonous Vapours        Pois/Air       0%         N/A       58%         2
 Static Discharge         Conj/Air       0%         N/A       58%         2
 Sublimation of Blood     Necr           0%         N/A       58%         2
 Call Canine Familiar     Summ           0%         N/A       82%         3
 Conjure Flame            Conj/Fire      0%         6-21      82%         3
 Dazzling Flash           Conj/Hex       0%         N/A       82%         3
 Gell's Gravitas          Tloc           0%         N/A       82%         3
 Ignite Poison            Fire/Tmut/Pois 0%         N/A       82%         3
 Inner Flame              Hex/Fire       0%         N/A       82%         3
 Lesser Beckoning         Tloc           0%         N/A       82%         3
 Ozocubu's Armour         Ice            0%         N/A       82%         3
 Stone Arrow              Conj/Erth      0%         3d7       82%         3
 Summon Guardian Golem    Hex/Summ       0%         N/A       82%         3
 Swiftness                Air            0%         N/A       82%         3
 Teleport Other           Tloc           0%         N/A       82%         3
 Tukima's Dance           Hex            0%         N/A       82%         3
 Vampiric Draining        Necr           0%         2d6       82%         3
 Animate Armour           Summ/Erth      0%         N/A       99%         4
 Cause Fear               Hex            0%         N/A       99%         4
 Dispel Undead            Necr           0%         3d6       99%         4
 Iskenderun's Mystic Bla  Conj/Tloc      0%         2d3       99%         4
 Passage of Golubria      Tloc           N/A        N/A       99%         4
 Sticky Flame             Conj/Fire      0%         2d3       99%         4
 Summon Lightning Spire   Summ/Air       0%         N/A       99%         4
 Bolt of Magma            Conj/Fire/Erth 0%         4d4       100%        5
 Fireball                 Conj/Fire      0%         3d3       100%        5
 Freezing Cloud           Conj/Ice/Air   0%         6-21      100%        5
 Lee's Rapid Deconstruct  Erth           0%         3d5*      100%        5
 Metabolic Englaciation   Hex/Ice        0%         N/A       100%        5
 Yara's Violent Unravell  Hex/Tmut       0%         3d3       100%        5
 Death Channel            Necr           0%         N/A       100%        6
 Invisibility             Hex            0%         N/A       100%        6
 Simulacrum               Ice/Necr       0%         N/A       100%        6
 Starburst                Conj/Fire      0%         6d3       100%        6
 Ozocubu's Refrigeration  Ice            0%         4d5       100%        7
 Storm Form               Tmut/Air       0%         N/A       100%        7
 Discord                  Hex            0%         N/A       100%        8
 Ignition                 Fire           0%         3d3       100%        8
 Lehudib's Crystal Spear  Conj/Erth      0%         10d2      100%        8
 Maxwell's Capacitive Co  Air            0%         ∞         100%        8
 Fire Storm               Conj/Fire      0%         5d1       100%        9
 Shatter                  Erth           0%         3d5*      100%        9


Dungeon Overview and Level Annotations

Branches:
Dungeon (15/15)            Temple (1/1) D:4            Lair (6/6) D:8
 Shoals (0/4) Lair:4        Slime (0/5) Lair:5          Orc (2/2) D:10
    Elf (3/3) Orc:2        Vaults (0/5) D:13         Depths (3/5) D:15
Gauntlet (visited)
  Snake: Lair:2-4    Spider: Lair:2-4

Altars:
Ashenzari
Cheibriados
Dithmenos
Elyvilon
Fedhas
Gozag
Hepliaklqana
Kikubaaqudgha
Makhleb
Nemelex Xobeh
Okawaru
Qazlal
Ru
Sif Muna
Trog
Uskayaw
Vehumet
Wu Jian
Xom
Yredelemnul
Zin
The Shining One
Jiyva

Shops:
D:4 =   D:10 ?=![:   D:13 !?   Orc:2 =*(=*   Elf:3 (   Depths:3 ==:

Portals:
Hell: Depths:1 Depths:2 Depths:3
Pandemonium: Depths:3
Ziggurat: Depths:3

Annotations:
Lair:1 exclusion: 2 oklob plants
Elf:2 3 runed translucent doors
Depths:3 exclusion: ice statue


Innate Abilities, Weirdness & Mutations

You have a pair of small antennae on your head.
You have sharp toenails.
You are robust. (+10% HP)
Your muscles are strong. (Str +2)
Your movements are slightly less encumbered by armour. (ER -2)


Message History

The deep elf annihilator blinks!
You carve the deep elf elementalist like a ham!!!
You burn the deep elf elementalist.
You kill the deep elf elementalist!
Okawaru accepts your kill.
The earth elemental disappears in a puff of smoke!
Unknown command.
A deep elf elementalist comes into view.
It is wielding a +0 long sword.
A deep elf master archer comes into view.
The deep elf annihilator casts a spell at you.
The poison arrow misses you.
The deep elf annihilator hits you but does no damage.
You slice the deep elf annihilator!! You burn the deep elf annihilator!
The deep elf annihilator is almost dead.
The deep elf master archer wields a +0 longbow.
The deep elf master archer shoots an arrow.
The arrow closely misses you.
You hit the deep elf annihilator but do no damage.
The deep elf annihilator is almost dead.
The deep elf annihilator points at you and mumbles some strange words.
The poison arrow hits you!!
You are poisoned.
* * * LOW HITPOINT WARNING * * *
You feel better.
The deep elf master archer shoots an arrow.
You block the arrow.
The deep elf annihilator points at you and mumbles some strange words.
The iron shot misses you.
You open the deep elf annihilator like a pillowcase!!!
You burn the deep elf annihilator.
You kill the deep elf annihilator!
Okawaru accepts your kill.
The deep elf annihilator points at you and mumbles some strange words.
You block the poison arrow.
Unknown command.
As you read the scroll of teleportation, it crumbles to dust.
You feel strangely unstable.
The deep elf annihilator casts a spell at you.
The bolt of lightning hits you!!!
You die...

## #. #e ##. #.. {{
#..### #######
##....####.)...####.
#....e.e..@.....e...
###.......#.........
####.))).........#
####)......## ###
####.########## #
#.## {#[).##)......#
#
##.###)######.....##
# #.[#.## ##.))## #
#.#)## ##'## #


You could see a deep elf master archer, a deep elf annihilator (empowered) and a
deep elf elementalist (repels missiles).

Vanquished Creatures
  A dread lich (Depths:3)
  Sojobo (Depths:3)
  A caustic shrike (Depths:2)
  The ghost of Eluptos the Warrior, an adept DgCj (Depths:1)
  Rupert (Lair:6)
  3 liches
  2 deep elf blademasters (Elf:3)
  A titan (Depths:2)
  A deep elf master archer (Elf:3)
  Frances (D:14)
  4 tengu reavers
  7 fire giants
  3 deep elf sorcerers (Elf:3)
  9 frost giants
  A deep elf elementalist (Elf:3)
  A spriggan defender (Depths:3)
  19 very ugly things
  11 stone giants
  3 vampire knights (Depths:2)
  A minotaur (Gauntlet)
  A deep elf demonologist (Elf:3)
  3 deep elf annihilators (Elf:3)
  2 deep elf death magi
  6 fire dragons
  7 rakshasas
  4 great orbs of eyes
  A deep elf high priest (Elf:3)
  12 ice dragons
  A boulder beetle (Lair:6)
  13 hydras
  3 vault guards (D:13)
  Harold (D:11)
  3 catoblepae
  A spriggan air mage (Depths:2)
  An anaconda (shapeshifter) (Elf:2)
  2 ogre magi (Orc:2)
  8 dancing weapons
  A centaur warrior (D:14)
  10 two-headed ogres
  4 deep troll shamans
  7 death yaks
  A thrashing horror (Gauntlet)
  A spriggan berserker (Depths:3)
  6 deep troll earth magi
  4 tengu warriors
  10 hell knights
  A fire crab (Lair:6)
  4 deep elf knights
  A sun demon (Depths:3)
  A sixfirhy (Depths:3)
  2 glowing orange brains
  4 flayed ghosts
  13 deep trolls
  5 iron trolls
  3 deep elf archers
  7 wizards
  An orange crystal statue (Elf:3)
  2 phantasmal warriors (Depths:2)
  A lindwurm (Lair:6)
  5 necromancers
  3 orc knights
  14 deep elf pyromancers
  13 deep elf zephyrmancers
  22 ugly things
  3 orc sorcerers
  4 manticores
  An ice statue (Depths:3)
  A stone giant skeleton (Depths:2)
  2 spriggan zombies (Depths:2)
  A salamander (shapeshifter) (Depths:2)
  A fire giant skeleton (Depths:2)
  2 frost giant skeletons
  7 cyclopes
  A black mamba (shapeshifter) (Orc:2)
  A torpor snail (shapeshifter) (Depths:3)
  3 torpor snails
  5 black mambas (Lair:6)
  8 elephants
  3 gargoyles
  15 cane toads
  A smoke demon (Depths:3)
  9 komodo dragons
  9 unseen horrors
  A kobold demonologist (D:10)
  A hellion (Depths:3)
  An ice devil (Depths:3)
  3 rime drakes
  4 freezing wraiths (Depths:3)
  2 tengu conjurers (Depths:2)
  12 trolls
  2 queen bees
  10 polar bears
  4 hornets
  5 blink frogs (Lair:6)
  16 slime creatures
  Prince Ribbit (D:8)
  2 dream sheep (Lair:6)
  An ettin zombie (Depths:1)
  2 spriggans (Depths:3)
  A deep troll skeleton (Depths:1)
  3 air elementals
  A shadow (D:12)
  61 yaks
  An elf skeleton (Depths:1)
  7 wyverns
  3 wraiths
  4 basilisks
  4 water elementals
  8 humans (D:13)
  A fire elemental (Elf:2)
  A steam dragon (D:8)
  6 vampire mosquitoes
  3 large abominations (Elf:1)
  10 wargs
  An acid dragon (D:13)
  11 water moccasins
  15 hell hounds (Lair:6)
  22 orc warriors
  2 sky beasts
  13 black bears
  2 black bears (shapeshifter)
  35 wolves
  6 centaurs
  5 boggarts (D:13)
  21 ogres
  2 ogres (shapeshifter)
  A centaur (shapeshifter) (Gauntlet)
  4 kobold brigands
  A phantom (D:6)
  5 elf zombies (Elf:1)
  3 small abominations (Gauntlet)
  10 bullfrogs
  2 scorpions (D:5)
  4 earth elementals
  2 water moccasin skeletons
  28 killer bees
  6 howler monkeys
  10 wights
  A crimson imp (D:11)
  8 centaur zombies
  3 jellies
  A centaur skeleton (D:6)
  16 orc priests
  2 hounds
  Crazy Yiuf (D:2)
  A bullfrog skeleton (D:6)
  18 orc wizards
  11 hell rats
  A killer bee zombie (D:8)
  A howler monkey zombie (D:9)
  Robin (D:3)
  8 gnolls
  8 adders
  5 white imps
  3 dart slugs
  71 orcs
  9 ball pythons
  4 endoplasms
  2 giant cockroaches (D:3)
  15 goblins
  8 hobgoblins
  10 jackals
  15 kobolds
  2 quokkas
  6 bats
  6 frilled lizards
  4 rats
  3 bushes
1000 creatures vanquished.

Vanquished Creatures (others)
  A blizzard demon (Depths:3)
  2 wizards (Depths:3)
  A human (D:13)
  7 bushes (Depths:2)
  2 demonic plants (D:1)
  36 fungi
  116 plants
165 creatures vanquished.

Grand Total: 1165 creatures vanquished

Notes
Turn   | Place    | Note
-------+----------+-------------------------------------------
     0 | D:5      | comborobin the Hill Orc Delver began the quest for the Orb.
     0 | D:5      | Reached XP level 1. HP: 19/19 MP: 1/1
    35 | D:5      | Noticed an orc priest
    61 | D:6      | Noticed a phantom
    72 | D:5      | Noticed a jelly
    81 | D:5      | Noticed an orc wizard
    97 | D:4      | Noticed a hound
   385 | D:1      | Reached skill level 3 in Axes
   447 | D:1      | Reached XP level 2. HP: 21/26 MP: 2/2
   666 | D:1      | Reached skill level 4 in Axes
   998 | D:1      | Found a faded altar of an unknown god.
  1615 | D:2      | Reached XP level 3. HP: 30/31 MP: 3/3
  1853 | D:2      | Reached skill level 5 in Axes
  2157 | D:2      | Reached XP level 4. HP: 35/39 MP: 4/4
  2402 | D:2      | Found a runed translucent door.
  2403 | D:2      | Noticed Crazy Yiuf
  2554 | D:2      | Killed Crazy Yiuf
  2645 | D:3      | Found a stormy altar of Qazlal.
  2650 | D:3      | Reached skill level 6 in Axes
  2788 | D:3      | Reached skill level 1 in Armour
  3056 | D:3      | Reached XP level 5. HP: 46/46 MP: 5/5
  3193 | D:3      | Identified a scroll of acquirement
  3193 | D:3      | Acquired 796 gold pieces
  3346 | D:3      | Noticed Robin
  3365 | D:3      | Killed Robin
  3809 | D:4      | Reached skill level 7 in Axes
  3809 | D:4      | Reached XP level 6. HP: 30/53 MP: 6/6
  3994 | D:4      | Found Suwalusa's Jewellery Emporium.
  4276 | D:4      | Found a staircase to the Ecumenical Temple.
  4289 | D:4      | Found a blossoming altar of Fedhas.
  4302 | Temple   | Entered the Ecumenical Temple
  5197 | D:5      | Reached skill level 5 in Fighting
  5197 | D:5      | Reached XP level 7. HP: 30/61 MP: 7/7
  5379 | D:5      | Reached skill level 8 in Axes
  5961 | D:5      | Reached skill level 9 in Axes
  6207 | D:5      | Reached XP level 8. HP: 64/70 MP: 8/8
  6615 | D:6      | Reached skill level 10 in Axes
  6959 | D:6      | Noticed a troll
  6966 | D:6      | Killed a troll
  6967 | D:6      | Reached skill level 5 in Armour
  7307 | D:6      | Noticed a gargoyle
  7729 | D:4      | Bought a +4 ring of slaying for 858 gold pieces
  7837 | D:6      | Reached skill level 11 in Axes
  7837 | D:6      | Reached XP level 9. HP: 49/79 MP: 9/9
  8038 | D:5      | Killed a gargoyle
  8113 | D:6      | Found an iron altar of Okawaru.
  8299 | D:6      | Became a worshipper of Warmaster Okawaru
  8318 | D:6      | Found a radiant altar of Vehumet.
  8400 | D:6      | Noticed a cyclops
  8439 | D:6      | Killed a cyclops
  8710 | D:7      | Found a shimmering altar of Xom.
  8778 | D:7      | Reached * piety under Okawaru
  8779 | D:7      | Reached skill level 12 in Axes
  8780 | D:7      | Acquired 862 gold pieces
  8923 | D:4      | Bought an amulet of faith for 440 gold pieces
  8928 | D:4      | Bought a +4 ring of evasion for 396 gold pieces
  9093 | D:7      | Found an ancient bone altar of Kikubaaqudgha.
  9251 | D:7      | Found a broken altar of Ashenzari.
  9279 | D:7      | Found a sacrificial altar of Ru.
  9770 | D:8      | Reached ** piety under Okawaru
  9806 | D:8      | Noticed a gargoyle
  9823 | D:8      | Killed a gargoyle
  9824 | D:8      | Reached skill level 13 in Axes
  9824 | D:8      | Reached XP level 10. HP: 46/91 MP: 10/10
 10057 | D:8      | Reached *** piety under Okawaru
 10186 | D:8      | Noticed Prince Ribbit
 10199 | D:8      | Killed Prince Ribbit
 10218 | D:8      | Acquired a +3 plate armour of cold resistance
 10576 | D:8      | Found a staircase to the Lair.
 10610 | D:8      | Reached **** piety under Okawaru
 10720 | D:8      | Found a shadowy altar of Dithmenos.
 11097 | D:8      | Reached skill level 5 in Invocations
 11246 | D:8      | Found a glowing silver altar of Zin.
 12419 | D:10     | Entered Level 10 of the Dungeon
 12482 | D:10     | Reached ***** piety under Okawaru
 12483 | D:10     | Reached XP level 11. HP: 97/97 MP: 17/17
 12494 | D:10     | Found Tiedeenu's Jewellery Shop.
 12536 | D:10     | Found a snail-covered altar of Cheibriados.
 12555 | D:10     | Reached skill level 10 in Invocations
 12714 | D:10     | Found Rinoilio's Magic Scroll Shop.
 12748 | D:10     | Found Jutresm's Book Emporium.
 12751 | D:10     | Found Fico's Distillery.
 12757 | D:10     | Noticed a sun demon
 13112 | D:10     | Received a gift from Okawaru
 13274 | D:10     | Found Jipn's Antique Armour Shop.
 13307 | D:10     | Found an ornate altar of the Wu Jian Council.
 13339 | D:10     | Identified the +1 kite shield of Gehenna {SInv}
 13390 | D:10     | Found a staircase to the Orcish Mines.
 14199 | D:10     | Found a shimmering blue altar of Sif Muna.
 14649 | D:11     | Noticed a four-headed hydra
 14664 | D:11     | Killed a four-headed hydra
 14703 | D:11     | Noticed Harold
 14714 | D:11     | Killed Harold
 14714 | D:11     | Identified the +6 hunting sling "Xinkith" {venom, Fragile
                  | rPois SInv} (Okawaru gifted it to you on level 11 of the
                  | Dungeon)
 14714 | D:11     | Received a gift from Okawaru
 14765 | D:11     | Reached XP level 12. HP: 105/105 MP: 22/22
 14924 | D:11     | Noticed a four-headed hydra
 14951 | D:11     | Killed a five-headed hydra
 15218 | D:11     | Reached skill level 15 in Invocations
 15228 | D:11     | Acquired a manual of Fighting
 16212 | Lair:1   | Entered Level 1 of the Lair of Beasts
 16229 | D:8      | HP: 3/106 [yak (7)]
 16231 | D:8      | Reached skill level 10 in Fighting
 16669 | Lair:1   | Reached ****** piety under Okawaru
 16669 | Lair:1   | Received a gift from Okawaru
 16770 | Lair:1   | Noticed a four-headed hydra
 16795 | Lair:1   | Killed a four-headed hydra
 16796 | Lair:1   | Reached skill level 15 in Fighting
 18020 | Lair:2   | Reached skill level 14 in Axes
 18141 | Lair:2   | Received a gift from Okawaru
 18413 | Lair:2   | Noticed a seven-headed hydra
 18433 | Lair:2   | Killed a seven-headed hydra
 18434 | Lair:2   | Reached XP level 13. HP: 15/127 MP: 22/24
 19193 | Lair:3   | Gained mutation: You have a pair of small antennae on your
                  | head. [potion of mutation]
 19193 | Lair:3   | Gained mutation: Your magical capacity is low. (-10% MP)
                  | [potion of mutation]
 19193 | Lair:3   | Gained mutation: Your movements are slightly less
                  | encumbered by armour. (ER -2) [potion of mutation]
 19194 | Lair:3   | Lost mutation: Your magical capacity is low. (-10% MP)
                  | [potion of mutation]
 19194 | Lair:3   | Gained mutation: Your muscles are strong. (Str +2) [potion
                  | of mutation]
 19194 | Lair:3   | Gained mutation: You have sharp toenails. [potion of
                  | mutation]
 19194 | Lair:3   | Gained mutation: You are robust. (+10% HP) [potion of
                  | mutation]
 19885 | D:10     | Bought a scroll of acquirement for 676 gold pieces
 19885 | D:10     | Acquired the +7 demon whip of Past Mistakes {vamp, Int+4}
 20243 | Lair:4   | Reached skill level 1 in Shields
 20247 | Lair:4   | Reached skill level 5 in Maces & Flails
 20264 | Lair:4   | Reached skill level 15 in Axes
 20279 | Lair:4   | Received a gift from Okawaru
 20580 | Lair:4   | Found a staircase to the Shoals.
 21537 | Lair:5   | Found a viscous altar of Jiyva.
 21537 | Lair:5   | Found a staircase to the Slime Pits.
 21813 | Lair:5   | Received a gift from Okawaru
 22102 | Lair:6   | Entered Level 6 of the Lair of Beasts
 22165 | Lair:5   | Reached skill level 5 in Shields
 22338 | Lair:5   | Reached XP level 14. HP: 151/151 MP: 25/25
 22934 | Lair:6   | Reached skill level 16 in Axes
 23088 | Lair:6   | Noticed Rupert
 23088 | Lair:6   | Paralysed by Rupert for 5 turns
 23108 | Lair:6   | Killed Rupert
 23108 | Lair:6   | Received a gift from Okawaru
 23498 | Lair:6   | Received a gift from Okawaru
 24189 | Lair:6   | Reached skill level 17 in Axes
 24290 | Lair:6   | Identified the +2 robe "Riecwyo" {Harm Rampage Fly rF-}
                  | (Okawaru gifted it to you on level 6 of the Lair of Beasts)
 24290 | Lair:6   | Received a gift from Okawaru
 24658 | Lair:6   | Reached XP level 15. HP: 150/161 MP: 27/27
 25490 | D:12     | Reached skill level 5 in Dodging
 25949 | D:13     | Found Yjygos's Distillery.
 25997 | D:13     | Bought a potion of attraction for 36 gold pieces
 26034 | D:13     | Found Boguech's Magic Scroll Shoppe.
 26062 | D:13     | Found a gate leading to a gauntlet.
 26071 | Gauntlet | Entered a Gauntlet
 26071 | Gauntlet | Found a transporter.
 26071 | Gauntlet | Found a runed translucent gate.
 26071 | Gauntlet | Found a runed translucent gate.
 26114 | Gauntlet | Found a runed translucent gate.
 26119 | Gauntlet | Found a transporter.
 26121 | Gauntlet | Found a transporter.
 26131 | Gauntlet | Found a transporter.
 26134 | Gauntlet | Found a transporter.
 26141 | Gauntlet | Found a transporter.
 26159 | Gauntlet | Found a transporter.
 26169 | Gauntlet | Found a transporter.
 26171 | Gauntlet | Found the ring of the Tortoise {AC+8}
 26180 | Gauntlet | Found a transporter.
 26194 | Gauntlet | Found a transporter.
 26205 | Gauntlet | Found a transporter.
 26205 | Gauntlet | Found a transporter.
 26252 | Gauntlet | Found a transporter.
 26266 | Gauntlet | Found a transporter.
 26596 | Gauntlet | Identified the +2 robe of Erchabiom {rF+}
 26705 | D:13     | Reached skill level 10 in Maces & Flails
 26723 | D:13     | Received a gift from Okawaru
 26779 | D:13     | Found a sacrificial altar of Ru.
 27562 | D:13     | Found a gate to the Vaults.
 28058 | D:14     | Noticed Frances
 28071 | D:14     | Killed Frances
 28457 | D:15     | Entered Level 15 of the Dungeon
 28517 | D:15     | Found a glowing golden altar of the Shining One.
 28547 | D:15     | Found a staircase to the Depths.
 28547 | D:15     | Noticed a fire giant
 29388 | D:15     | Identified the +1 chain mail of Zuqeciewa {Int+5} (Okawaru
                  | gifted it to you on level 15 of the Dungeon)
 29388 | D:15     | Received a gift from Okawaru
 29412 | D:15     | Killed a fire giant
 29413 | D:15     | Reached skill level 18 in Axes
 29601 | D:15     | Reached skill level 10 in Shields
 29773 | Depths:1 | Entered Level 1 of the Depths
 29773 | Depths:1 | Noticed a lich
 29946 | D:15     | Reached XP level 16. HP: 172/172 MP: 28/28
 29992 | D:15     | Killed a lich
 32210 | Depths:1 | Found a runed translucent door.
 32220 | Depths:1 | Noticed Eluptos's ghost (adept DgCj)
 32397 | Depths:1 | Found a gateway to Hell.
 32409 | Depths:1 | Received a gift from Okawaru
 32466 | Depths:1 | Reached skill level 19 in Axes
 33030 | Depths:1 | Received a gift from Okawaru
 33152 | Depths:1 | Killed Eluptos's ghost
 33153 | Depths:1 | Reached XP level 17. HP: 108/182 MP: 29/29
 34521 | Depths:2 | Got Sif Muna's Handbook of Hurtful Changing
 35400 | Depths:2 | Found a shadowy altar of Dithmenos.
 35414 | Depths:2 | Noticed a titan
 35437 | Depths:2 | Killed a titan
 35437 | Depths:2 | Received a gift from Okawaru
 35460 | Depths:2 | Noticed a caustic shrike
 35468 | Depths:2 | Killed a caustic shrike
 35491 | Depths:2 | Reached skill level 20 in Axes
 35861 | Depths:2 | Identified the +8 broad axe of Instinct {flame, Int+10}
                  | (Okawaru gifted it to you on level 2 of the Depths)
 35861 | Depths:2 | Received a gift from Okawaru
 35862 | Depths:2 | Noticed a lich
 35886 | Depths:2 | Killed a lich
 35938 | Depths:2 | Reached XP level 18. HP: 102/191 MP: 30/30
 35965 | Depths:2 | Identified the +11 mace of Wib Gig {drain, MP+9} (Okawaru
                  | gifted it to you on level 2 of the Depths)
 35965 | Depths:2 | Received a gift from Okawaru
 36017 | Depths:2 | Identified the +1 chain mail of Insatiable Hunger {rC-
                  | Regen+ Int-2 SInv}
 36021 | Depths:2 | Identified the +5 trident of Chaos {vorpal, Will- Dex+8}
 36325 | Depths:2 | Reached skill level 1 in Evocations
 37045 | Depths:2 | Identified the +6 rapier of Bom Iqal {flame, Fly MP-9
                  | Int+4}
 37092 | Depths:3 | Received a gift from Okawaru
 37169 | Depths:3 | Reached skill level 5 in Evocations
 37285 | Depths:3 | Noticed Sojobo
 37302 | Depths:3 | Killed Sojobo
 37306 | Depths:3 | Found a gateway to a ziggurat.
 37306 | Depths:3 | Noticed an ancient lich
 37504 | Depths:3 | Found a one-way gate leading to the halls of Pandemonium.
 37788 | Depths:3 | Found Tyoqiaman's Book Boutique.
 37788 | Depths:3 | Found Bephelu's Jewellery Emporium.
 37789 | Depths:3 | Found Evunn's Jewellery Emporium.
 37870 | Depths:3 | Identified the +5 flail of Ycliapel {venom, *Slow rF+++ rC-
                  | MP+9} (Okawaru gifted it to you on level 3 of the Depths)
 37870 | Depths:3 | Received a gift from Okawaru
 38207 | Depths:3 | Noticed a lich
 38230 | Depths:3 | Killed a lich
 38268 | Depths:3 | Reached skill level 10 in Evocations
 38839 | Depths:3 | Noticed a dread lich
 38842 | Depths:3 | Received a gift from Okawaru
 38842 | Depths:3 | Found the +10 tower shield of Ignorance {rN+ Int-4}
 38843 | Depths:3 | Noticed a Tzitzimitl
 38844 | Depths:3 | Noticed a Brimstone Fiend
 38853 | Depths:3 | Noticed a Tzitzimitl
 38856 | Depths:3 | Killed a dread lich
 38857 | Depths:3 | Reached XP level 19. HP: 29/199 MP: 32/32
 40195 | Orc:1    | Entered Level 1 of the Orcish Mines
 40421 | Orc:2    | Entered Level 2 of the Orcish Mines
 40465 | Orc:2    | Found a flickering gateway to a bazaar.
 40491 | Bazaar   | Entered a bazaar
 40491 | Bazaar   | Found Vaah's Distillery.
 40491 | Bazaar   | Found Meomn's Jewellery Shop.
 40491 | Bazaar   | Found Pobe's Antique Weapon Boutique.
 40491 | Bazaar   | Found Luhot's Armour Shop.
 40491 | Bazaar   | Found Xaczyri's Magic Scroll Boutique.
 40515 | Bazaar   | Bought the amulet "Liwoacex" {Faith Harm rC+++ MP+9 Int+3
                  | Dex+4} for 1329 gold pieces
 40679 | Orc:2    | Received a gift from Okawaru
 40710 | Orc:2    | Found Coda's General Store.
 40721 | Orc:2    | Found Xuenudet's Jewellery Shoppe.
 40725 | Orc:2    | Found Xujuvely's General Store.
 40746 | Orc:2    | Reached skill level 15 in Shields
 40790 | Orc:2    | Found Qoucsyrr's Weapon Boutique.
 40791 | Orc:2    | Found Hanust's Jewellery Boutique.
 41056 | Orc:2    | Found a staircase to the Elven Halls.
 41212 | Elf:1    | Entered Level 1 of the Elven Halls
 41690 | Elf:1    | Identified the +2 hand axe of the Skies Above {freeze,
                  | rPois rCorr Int+2 Dex-4} (Okawaru gifted it to you on level
                  | 1 of the Elven Halls)
 41690 | Elf:1    | Received a gift from Okawaru
 41835 | Elf:1    | Got the Handbook of Evil Rituals
 42159 | Elf:2    | Paralysed by an air elemental for 1 turns
 42358 | Elf:2    | Found a radiant altar of Vehumet.
 42724 | Elf:2    | Found a runed translucent gate.
 42724 | Elf:2    | Found a runed translucent gate.
 42724 | Elf:2    | Found a runed translucent gate.
 42958 | Elf:3    | Entered Level 3 of the Elven Halls
 42991 | Elf:3    | Found a radiant altar of Vehumet.
 43058 | Elf:3    | Paralysed by an air elemental for 1 turns
 43061 | Elf:3    | Paralysed by an air elemental for 1 turns
 43185 | Elf:3    | Found Sitesic's Antique Weapon Boutique.
 43478 | Elf:3    | Paralysed by an air elemental for 1 turns
 44033 | Elf:3    | Reached XP level 20. HP: 203/210 MP: 33/33
 44040 | Elf:3    | Noticed a Brimstone Fiend
 44042 | Elf:3    | Received a gift from Okawaru
 44351 | Elf:3    | Killed from afar by a deep elf annihilator

Illustrated notes

Levels and vault maps discovered:
D:1:      elethiomel_arrival_quiet, layout_basic, shapermc_ecumenical_altar_gd,
          chequers_big_river
D:2:      layout_basic, patterned_corridor, uniq_crazy_yiuf_cottage
D:3:      kb_forest_paths, layout_loops_ring, lemuel_doored_altar, uniq_robin
D:4:      layout_cave_pods, general_overflow_altar,
          minmay_temple_entry_glassed_door, serial_shops,
          nicolae_inconvenience_store, minmay_misc_feat_plants
D:5:      layout_basic
D:6:      layout_basic, amcnicky_altar_gilded,
          mainiacjoe_overflow_small_starburst, kb_rosetta
D:7:      layout_loops_cross, kennysheep_mini_moat, marbit_many_paths,
          mainiacjoe_overflow_catch_the_wave
D:8:      cheibrodos_barr_body, layout_loops_corners, mainiacjoe_overflow_paths,
          zin_scriptorium, erik_lair_orcish_takeover,
          chequers_serial_rivers_micro_c, corexii_leaking_fountain,
          uniq_prince_ribbit1
D:9:      layout_roguey
D:10:     layout_basic, mainiacjoe_overflow_boulevard,
          mainiacjoe_overflow_catwalk_spiral, david_orc_2, serial_shops,
          nicolae_diamond_shop, shop, nicolae_shop_window_shopping, shop,
          nicolae_take_the_stairs, special_room [special_room_bee],
          small_statue_intersection
D:11:     layout_loops_ring, enter_bailey_8, lightli_wizard_tower, uniq_harold
D:12:     layout_loops_ring
D:13:     layout_cave_pools, ximxim_vaults_locker_room, serial_shops,
          nicolae_shop_behind_doors, shop, gauntlet_entry_generic,
          skrybe_limestone_x, nicolae_ru_sacrificial_ziggurat
D:14:     layout_long_grid, amcnicky_mini_rare_corridor_liquid, uniq_frances
D:15:     grunt_enter_depths_giant_problem, layout_loops_ring, tso_altar
Temple:   jpeg_temple_island
Lair:1:   layout_long_grid, minivault_24, serial_bayou_shore_a,
          lemuel_fruit_fields, minmay_lair_oklob_chamber,
          infiniplex_staircase_pool_2
Lair:2:   layout_chaotic_city, grunt_megastairs_1
Lair:3:   layout_concentric_octagons, spider_nest_entry_funnel_web,
          grunt_megastairs_4
Lair:4:   layout_regular_city, elwin_shoals_entry_rocks,
          chequers_serial_rivers_micro_b
Lair:5:   layout_layer_cave, slime_altar_1, beast_lair_carwin_6,
          grunt_megastairs_2
Lair:6:   hangedman_lair_caniforms_friends, layout_concentric_octagons,
          hangedman_lair_in_review, chequers_serial_rivers_room_a,
          lemuel_fruit_fields, uniq_rupert
Orc:1:    layout_caves
Orc:2:    st_orc_open, layout_diamond_mine, serial_shops, bzr_entry_lakeside,
          shop_coins
Elf:1:    elf_arrival_002, layout_rooms, minmay_elf_necromancy, hex_medium
Elf:2:    elven_hall_of_blades_hangedman_original [grunt_blade_entry_basic],
          layout_gridlike, basic_altar, grunt_ministairs_14,
          nicolae_elf_big_sculpture_2
Elf:3:    minmay_elf_hall_furrowed, layout_loops_corners, basic_altar,
          nrook_uturn, small_statue_intersection, minivault_16, minmay_shop_star
Depths:1: layout_cave_pools, serial_rivers, chequers_serial_rivers_small_b,
          chequers_serial_rivers_micro_b, chequers_serial_rivers_micro_c,
          chequers_serial_rivers_large_a, ebering_ghost_reflecting_pool,
          hell_entry, due_unseen_surprise
Depths:2: minmay_the_grid_3x3 [minmay_the_grid_odd_star, minmay_the_grid_expand,
          minmay_the_grid_tree, minmay_the_grid_broken_lines,
          minmay_the_grid_outer_diamond, minmay_the_grid_slots,
          minmay_the_grid_large_cup, minmay_the_grid_gridbox,
          minmay_the_grid_prize_diamond_cup], layout_honeycomb, hell_entry,
          kennysheep_boxes, nicolae_dithmenos_shadow_blocks
Depths:3: cheibrodos_cascadia, layout_gridlike, enter_ziggurat_d,
          infiniplex_staircase_split_hallway, hell_entry,
          rand_demon_pan_entry_8, minmay_shop_grove, uniq_sojobo

Skill      XL: |  1  2  3  4  5  6  7  8  9 10 11 12 13 14 15 16 17 18 19 |
---------------+----------------------------------------------------------+-----
Axes           | 3 4 5 6 7 9 11 13 14 15 17 18 19 20 | 20.3
Armour         | 1 2 3 4 5 7 8 |  8.3
Fighting       | 4 5 7 9 15 16 17 18 19 | 19.3
Invocations    | 8 14 15 16 17 18 | 18.0
Maces & Flails | 4 7 9 10 12 13 | 13.7
Dodging        | 3 4 5 6 7 |  7.7
Shields        | 5 8 10 11 13 16 | 16.9
Evocations     | 10 12 | 12.5
Stealth        | |  4.1

Action                   |  1- 3 |  4- 6 |  7- 9 | 10-12 | 13-15 | 16-18 | 19-21 || total
-------------------------+-------+-------+-------+-------+-------+-------+-------++-------
Melee: Hand axe          |   102 |   156 |       |    18 |   139 |       |       ||   415
       Battleaxe         |       |    20 |   176 |   482 |    30 |       |       ||   708
       Short sword       |       |       |       |    26 |       |       |       ||    26
       Morningstar       |       |       |       |    12 |       |       |       ||    12
       Punch             |       |       |       |     1 |       |       |       ||     1
       Demon whip        |       |       |       |       |  1120 |   251 |       ||  1371
       Broad axe         |       |       |       |       |    43 |   649 |   430 ||  1122
Throw: Dart              |       |    11 |     9 |       |       |       |       ||    20
       Throwing net      |       |       |       |     3 |     1 |       |       ||     4
Invok: Heroism           |       |       |       |     6 |     4 |     8 |     2 ||    20
       Finesse           |       |       |       |       |     1 |     4 |     1 ||     6
Evoke: Wand              |       |       |     8 |    12 |    18 |     4 |       ||    42
       Phantom mirror    |       |       |       |       |       |     1 |       ||     1
       Condenser vane    |       |       |       |       |       |     1 |       ||     1
  Use: Potion            |     4 |     2 |     8 |    10 |     3 |     9 |     3 ||    39
       Scroll            |     2 |     3 |     5 |     5 |    10 |    12 |     5 ||    42
 Stab: Sleeping          |     6 |       |       |       |       |       |       ||     6
       Invisible         |       |     2 |       |     1 |       |       |       ||     3
       Paralysed         |       |       |       |     3 |       |       |       ||     3
       Held in net/web   |       |       |       |     4 |     1 |       |       ||     5
       Petrified         |       |       |       |       |     1 |       |       ||     1
Armor: Leather armour    |    29 |       |       |       |       |       |       ||    29
       Chain mail        |       |   124 |   129 |    26 |       |       |       ||   279
       Skin              |       |       |     3 |       |       |       |       ||     3
       Plate armour      |       |       |       |   421 |   784 |   379 |    44 ||  1628
       Fire dragon scale |       |       |       |       |       |       |    28 ||    28
Dodge: Dodged            |    80 |    82 |    86 |   398 |   620 |   197 |    59 ||  1522
       Repelled          |       |       |       |       |     6 |     2 |       ||     8
Block: Kite shield       |       |       |       |       |   815 |   427 |       ||  1242
       Tower shield      |       |       |       |       |       |       |   377 ||   377
